 Dungeon Crawl Stone Soup version 0.19.4-9-g45fd643 (webtiles) character file.

29 protoss039 the Firebug (level 3, -5/26 HPs)
             Began as a Draconian Fire Elementalist on Feb 17, 2017.
             Slain by Natasha (8 damage)
             ... on level 1 of the Dungeon.
             The game lasted 00:04:59 (933 turns).

protoss039 the Firebug (Draconian Fire Elementalist) Turns: 933, Time: 00:05:00

Health: -5/26      AC:  5    Str: 10    XL:     3   Next: 1%
Magic:  0/6        EV: 12    Int: 16    God:
Gold:   15         SH:  0    Dex: 11    Spells: 3 memorised, 1 level left

rFire  . . .     SeeInvis .     e - +0 club
rCold  . . .     Gourm    .     (armour unavailable)
rNeg   . . .     Faith    .     (no shield)
rPois  .         Spirit   .     (helmet restricted)
rElec  .         Reflect  .     (no cloak)
rCorr  .         Harm     .     (no gloves)
MR     .....                    (no boots)
Stlth  ++........               (no amulet)
                                (no ring)
                                (no ring)

@: no status effects
A: unfitting armour, cold-blooded, AC +5
a: no special abilities


You were on level 1 of the Dungeon.
You were not hungry.

You visited 1 branch of the dungeon, and saw 2 of its levels.

You collected 15 gold pieces.

Inventory:

Hand Weapons
 e - a +0 club (weapon)
Scrolls
 f - a scroll of noise {unknown}
 i - a scroll of amnesia {unknown}
Potions
 c - a potion of curing {unknown}
 d - a potion of heal wounds {unknown}
Books
 a - a book of Flames

   Spells                             Type                      Level
   a - Flame Tongue                   Conjuration/Fire             1
   b - Throw Flame                    Conjuration/Fire             2
   c - Conjure Flame                  Conjuration/Fire             3
   d - Inner Flame                    Hexes/Fire                   3
   e - Sticky Flame                   Conjuration/Fire             4
   f - Fireball                       Conjuration/Fire             5
Comestibles
 b - 2 bread rations
 h - a slice of pizza


   Skills:
 - Level 1.7 Dodging
 - Level 1.7 Stealth
 + Level 2.5 Spellcasting
 - Level 1.0 Conjurations
 * Level 3.8 Fire Magic


You had one spell level left.
You knew the following spells:

 Your Spells              Type           Power        Failure   Level  Hunger
a - Flame Tongue          Conj/Fire      #....        10%         1    #......
b - Throw Flame           Conj/Fire      #.....       12%         2    ##.....
c - Conjure Flame         Conj/Fire      #.......     21%         3    ###....


Dungeon Overview and Level Annotations

Branches:
Dungeon (2/15)

Altars:

Annotations:
D:1 Natasha


Innate Abilities, Weirdness & Mutations

Your plain brown scales are hard. (AC +5)
You cannot fit into any form of body armour.
You are cold-blooded and may be slowed by cold attacks.


Message History

Unknown command.
Casting: Flame Tongue
Confirm with . or Enter, or press ? or * to list all spells.
Aiming: Flame Tongue
Press: ? - help, Shift-Dir - straight line, f - Natasha
Aim: Natasha (moderately wounded)
The flame tongue hits Natasha.
Natasha is moderately wounded.
Natasha closely misses you.
Natasha wildly gestures.
You feel troubled.
Casting: Flame Tongue
Confirm with . or Enter, or press ? or * to list all spells.
Aiming: Flame Tongue
Press: ? - help, Shift-Dir - straight line, f/p - Natasha
Aim: Natasha (moderately wounded)
The flame tongue hits Natasha.
Natasha appears unharmed.
Natasha is moderately wounded.
Natasha claws you!
You die...

#.....#.##..##.#
#.....#.##..##.#
#.....#.##..##.#
#..............#
#....###...#####
#.............######
#....####..#.......#
####.......#.......#
######.@#.......#
##.h#.......# ###
#..>#.......# #..
##########...#.......#
#.#
#.......##...#.......#
#.#
#.......##...#.......##
#.#
#.......###.#####.....#
#.# #####.......#
#....####.#.# #.#
....#.......#
####.####)#.# #.#


You could see Natasha.

Vanquished Creatures
  4 bats (D:1)
  2 giant cockroaches
  A goblin (D:1)
  6 hobgoblins
  3 jackals (D:1)
  3 frilled lizards
  3 kobolds (D:1)
  4 rats (D:1)
26 creatures vanquished.

Notes
Turn   | Place    | Note
-------+----------+-------------------------------------------
     0 | D:1      | protoss039 the Draconian Fire Elementalist began the quest for the Orb.
     0 | D:1      | Reached XP level 1. HP: 14/14 MP: 3/3
   346 | D:1      | Reached XP level 2. HP: 20/20 MP: 1/5
   861 | D:2      | Reached XP level 3. HP: 26/26 MP: 4/6
   867 | D:2      | Learned a level 2 spell: Throw Flame
   871 | D:2      | Learned a level 3 spell: Conjure Flame
   898 | D:2      | Noticed Natasha
   933 | D:1      | Slain by Natasha

Action                   || total
-------------------------++-------
Melee: Unarmed           ||    14
       Club              ||    22
       Tailslap          ||     2
 Cast: Flame Tongue      ||    45
       Conjure Flame     ||     1
       Throw Flame       ||     1
  Eat: Chunk             ||     1
Armor: Skin              ||    33
Dodge: Dodged            ||    53
